 Dungeon Crawl Stone Soup version 0.31.0-10-gcf4a605ca0 (webtiles) character file.

Game seed: 7815538418309586880

13869 ProzacElf the Grappler (level 11, -11/88 HPs)
             Began as a Troll Hedge Wizard on Jan 26, 2024.
             Was a High Priest of Nemelex Xobeh.
             Mangled by a komodo dragon (26 damage)
             ... on level 2 of the Lair of Beasts.
             The game lasted 00:26:11 (10778 turns).

ProzacElf the Grappler (Troll Hedge Wizard)        Turns: 10778, Time: 00:26:11

Health: -11/88     AC: 13    Str: 20    XL:     11   Next: 81%
Magic:  17/17      EV:  9    Int: 16    God:    Nemelex Xobeh [*****.]
Gold:   801        SH:  0    Dex: 13    Spells: 9/14 levels left

rFire   + + .        b - +1 giant club
rCold   x . .        (shield currently unavailable)
rNeg    . . .        y - +1 fire dragon scales
rPois   .            W - +0 hat
rElec   .            F - +1 cloak {Stlth+}
rCorr   .            (gloves unavailable)
SInv    .            (boots unavailable)
Will    +....        j - amulet of regeneration
Stlth   +            e - +6 ring of intelligence
HPRegen 1.94/turn    R - ring of willpower
MPRegen 0.15/turn

%: no passive effects
@: no status effects
A: large, unfitting armour, claws 3, regeneration 1, shaggy fur 1, tough skin 1
a: Renounce Religion, Draw Escape, Draw Destruction, Draw Summoning, Triple
Draw, Deal Four, Stack Five


You were on level 2 of the Lair of Beasts.
You worshipped Nemelex Xobeh.
Nemelex Xobeh was extremely pleased with you.
You visited 3 branches of the dungeon, and saw 12 of its levels.
You also visited: Sewer.

You collected 801 gold pieces.

Inventory:

Hand Weapons
 b - a +1 giant club (weapon)
 C - a +5 battleaxe
Missiles
 u - 19 boomerangs
 x - 17 poisoned darts (quivered)
 N - 3 darts of dispersal
 S - a curare-tipped dart
Armour
 a - a +0 robe
 y - +1 fire dragon scales (worn)
 F - a +1 cloak of stealth (worn)
 U - an orb of energy
 W - a +0 hat (worn)
Magical Staves
 O - a staff of earth
Jewellery
 e - a +6 ring of intelligence (left claw)
 j - an amulet of regeneration (around neck)
 A - an amulet of reflection
 L - a +6 ring of intelligence
 P - a ring of protection from fire
 R - a ring of willpower (right claw)
 V - an amulet of faith
Talismans
 v - a beast talisman
 J - the blade talisman "Qoafisk" {rF+ rC+ rN+ rCorr}
   (You found it on level 5 of the Dungeon)

   [blade talisman]

   rF+:       It protects you from fire.
   rC+:       It protects you from cold.
   rN+:       It protects you from negative energy.
   rCorr:     It protects you from acid and corrosion.
Wands
 t - a wand of acid (6)
 G - a wand of digging (11)
 T - a wand of flame (9)
Scrolls
 f - 2 scrolls of teleportation
 g - 2 scrolls of vulnerability {unknown}
 h - 6 scrolls of revelation
 n - a scroll of poison {unknown}
 p - 2 scrolls of immolation
 r - 2 scrolls of fear {unknown}
 s - 3 scrolls of enchant weapon
 E - 2 scrolls of butterflies
 I - a scroll of enchant armour
 K - 4 scrolls of blinking
 M - a scroll of brand weapon {unknown}
 Q - a scroll of amnesia {unknown}
Potions
 c - a potion of mutation
 d - a potion of magic
 i - 2 potions of might
 k - 3 potions of curing
 l - 2 potions of lignification
 m - 6 potions of attraction
 o - 3 potions of enlightenment
 w - 3 potions of haste
 z - 2 potions of berserk rage
 B - 3 potions of heal wounds
 D - a potion of brilliance
 H - a potion of cancellation {unknown}


   Skills:
 - Level 5.0 Dodging
 - Level 1.0 Stealth
 + Level 13.6 Unarmed Combat
 - Level 2.0 Spellcasting
 - Level 0.6 Conjurations
 - Level 0.6 Summonings
 - Level 0.6 Translocations
 - Level 10.0 Invocations
 + Level 5.1 Shapeshifting


You had 9 spell levels left.
You knew the following spells:

 Your Spells              Type           Power      Damage    Failure   Level
a - Magic Dart            Conj           12%        1d3       52%         1
b - Call Imp              Summ           6%         N/A       67%         2
o - Blink                 Tloc           6%         N/A       67%         2

Your spell library contained the following spells:

 Spells                   Type           Power      Damage    Failure   Level
 Shock                    Conj/Air       8%         1d3       56%         1
 Slow                     Hex            4%         N/A       61%         1
 Cigotuvi's Dreadful Rot  Necr/Alch/Air  2%         N/A       75%         2
 Sublimation of Blood     Necr           1%         N/A       75%         2
 Mephitic Cloud           Conj/Alch/Air  2%         N/A       91%         3
 Inner Flame              Hex/Fire       1%         N/A       93%         3
 Swiftness                Air            1%         N/A       93%         3
 Airstrike                Air            0%         2d(1-17)  100%        4
 Flame Wave               Conj/Fire      2%         2d4       100%        4
 Sticky Flame             Fire/Alch      1%         2d4       100%        4
 Sculpt Simulacrum        Ice/Alch       0%         N/A       100%        6
 Ozocubu's Refrigeration  Ice            0%         4d7       100%        7
 Summon Hydra             Summ           1%         N/A       100%        7
 Polar Vortex             Ice            0%         N/A       100%        9


Dungeon Overview and Level Annotations

Branches:
Dungeon (9/15)             Temple (1/1) D:4            Lair (2/5) D:9
 Shoals (0/4) Lair:2        Sewer (visited)
  Snake: Lair:2-3    Spider: Lair:2-3       Orc: D:9-12

Altars:
Ashenzari
Dithmenos
Elyvilon
Fedhas
Gozag
Hepliaklqana
Kikubaaqudgha
Makhleb
Nemelex Xobeh
Okawaru
Qazlal
Ru
Sif Muna
Trog
Uskayaw
Vehumet
Wu Jian
Xom
Yredelemnul
Zin
The Shining One

Shops:
D:5 *   D:8 :

Annotations:
D:9 3 runed translucent doors


Innate Abilities, Weirdness & Mutations

You are too large for most types of armour.
You have claws for hands.
Your natural rate of healing is unusually fast.
You are covered in fur. (AC +1)
You have tough skin. (AC +1)


Message History

Ye closely miss tha shadow demon.
Tha shadow demon be almost dead.
Tha komodo dragon closely misses Apa Beon.
Tha shadow demon gestures.
Send 'em back where thay came from!
Apa Beon disappears in a puff o' smoke!
Ye regain'd 3 hp, an' now haf 56/88 hp.
Ye miss tha shadow demon.
Tha shadow demon be almost dead.
Tha shadow demon barely misses ye.
Tha komodo dragon closely misses ye.
Tha shadow demon hits ye but does nay damage.
Tha komodo dragon bites ye but does nay damage.
Ye regain'd 3 hp, an' now haf 59/88 hp.
Ye hit tha shadow demon.
Tha shadow demon be almost dead.
Tha shadow demon closely misses ye.
Tha komodo dragon closely misses ye.
Tha shadow demon hits ye.
Ye take 3 damage, an' haf 56/88 hp.
Ye hit tha shadow demon.
Tha shadow demon be almost dead.
Tha komodo dragon closely misses ye.
Tha shadow demon barely misses ye.
Tha komodo dragon bites ye!
Ye take 14 damage, an' haf 42/88 hp.
Ye closely miss tha komodo dragon.
Tha komodo dragon be heavily wounded.
Tha shadow demon hits ye but does nay damage.
Tha komodo dragon bites ye!!
* * * LOW HITPOINT WARNIN'
* * * Tha shadow demon hits ye!
* * * LOW HITPOINT WARNIN'
* * * Ye take 29 damage, an' haf 13/88 hp.
MASSIVE DAMAGE!!
Okay, than.
Ye draw a card...
Ye haf drawn Wild Magic.
Tha komodo dragon be blasted wit' cinnabar dust.
Tha komodo dragon looks as sick as possible!
Tha shadow demon's body glows momn'tarily.
Tha shadow demon seems ta slow down.
Ye feel a surge o' magic.
Tha komodo dragon bites ye!!
Ye die...
Yer body disappears without a glow.

###....P##.#..#..#
###.#####..##...
########..# ###...#...
##..#.#.#..###.......##
#............#.###.####
.#.#......######..#
#......### ####
#.2##P...# ####
###l@####P.## ###..P
##..### ###.## #.....
##..## ##.###.....
####...# ##..#P.....
#....### #.........^
#.....# #..........
>..~.....P#
#............
.~~.....###
##..........# ~.~#.#...
#...P#.#....#


You could see a shadow demon (summoned, slow) and a komodo dragon (extremely
poisoned).

Vanquished Creatures
  A manticore (D:8)
  2 black mambas (Lair:1)
  3 cane toads
  Jeremiah (D:9)
  Psyche (D:9)
  2 komodo dragons
  A polar bear (Lair:1)
  3 blink frogs (Lair:2)
  8 yaks
  2 wyverns (Lair:1)
  2 acid dragons
  13 water moccasins
  3 sky beasts
  2 ice beasts (D:6)
  A black bear (Lair:1)
  A hornet zombie (D:6)
  4 orc warriors
  10 wolves
  An ogre (D:3)
  3 centaurs
  A phantom (D:6)
  2 kobold brigands
  8 bullfrogs
  A gnoll sergeant (D:3)
  3 scorpions
  5 wights (D:5)
  A water moccasin skeleton (D:6)
  3 killer bees (D:8)
  3 howler monkeys
  A bombardier beetle (D:3)
  A bullfrog zombie (D:6)
  A gnoll bouda (D:6)
  3 orc priests
  2 centaur skeletons (D:6)
  6 hounds
  A jelly (D:4)
  5 iguanas
  4 sleepcaps
  8 orc wizards
  A howler monkey zombie (D:6)
  A howler monkey skeleton (D:6)
  4 river rats (Sewer)
  11 adders
  15 gnolls
  2 shadow imps (D:8)
  2 white imps
  11 dart slugs
  2 ribbon worms
  45 orcs
  12 endoplasms
  8 giant cockroaches
  6 hobgoblins
  15 jackals
  24 kobolds
  8 quokkas
  15 ball pythons
  16 bats
  6 frilled lizards
  4 goblins
  3 rats
334 creatures vanquished.

Vanquished Creatures (collateral kills)
  Gastronok (Lair:1)
  A hydra (Lair:2)
  A black mamba (Lair:1)
  2 wolves (Lair:1)
5 creatures vanquished.

Vanquished Creatures (others)
  An arcanist (D:8)
  An orc priest (D:9)
2 creatures vanquished.

Grand Total: 341 creatures vanquished

Notes
Turn   | Place    | Note
-------+----------+-------------------------------------------
     0 | D:1      | ProzacElf the Troll Hedge Wizard began the quest for the
                  | Orb.
     0 | D:1      | Reached XP level 1. HP: 16/16 MP: 2/2
   175 | D:1      | Reached skill level 1 in Unarmed Combat
   177 | D:1      | Reached XP level 2. HP: 21/24 MP: 4/4
   272 | D:1      | Learned a level 2 spell: Blink
   275 | D:1      | Learned a level 2 spell: Call Imp
   504 | D:1      | Reached XP level 3. HP: 31/31 MP: 5/5
   612 | D:2      | Reached skill level 2 in Unarmed Combat
   772 | D:2      | Noticed a scorpion
  1032 | D:2      | Found a faded altar of an unknown god.
  1038 | D:2      | Prayed at the altar of an unknown god.
  1038 | D:2      | Became a worshipper of Nemelex Xobeh the Trickster
  1038 | D:2      | Reached * piety under Nemelex Xobeh
  1117 | D:2      | Found a broken altar of Ashenzari.
  1162 | D:2      | Killed a scorpion
  1163 | D:2      | Reached skill level 3 in Unarmed Combat
  1163 | D:2      | Reached XP level 4. HP: 39/39 MP: 2/6
  1279 | D:3      | Reached XP level 5. HP: 45/45 MP: 7/7
  1481 | D:3      | Received a gift from Nemelex Xobeh
  1596 | D:3      | Found a glowing drain.
  1600 | Sewer    | Entered a sewer
  1793 | Sewer    | Reached skill level 4 in Unarmed Combat
  1870 | Sewer    | Reached XP level 6. HP: 52/53 MP: 8/8
  2783 | D:3      | Reached skill level 5 in Unarmed Combat
  2808 | D:3      | Reached XP level 7. HP: 13/59 MP: 9/9
  2960 | D:3      | Reached skill level 5 in Dodging
  3443 | D:4      | Reached skill level 6 in Unarmed Combat
  3476 | D:4      | Found a glowing golden altar of the Shining One.
  3482 | D:4      | Reached ** piety under Nemelex Xobeh
  3491 | D:4      | Found a shimmering altar of Xom.
  3769 | D:4      | Found an ornate altar of the Wu Jian Council.
  3769 | D:4      | Found a hide-covered altar of Uskayaw.
  3769 | D:4      | Found an ancient bone altar of Kikubaaqudgha.
  3769 | D:4      | Found an iron altar of Okawaru.
  3769 | D:4      | Found a sparkling altar of Nemelex Xobeh.
  3769 | D:4      | Found a burning altar of Makhleb.
  3825 | D:4      | Reached skill level 1 in Invocations
  3987 | D:4      | Found a staircase to the Ecumenical Temple.
  3996 | Temple   | Entered the Ecumenical Temple
  4284 | D:5      | Entered Level 5 of the Dungeon
  4322 | D:5      | Found a hide-covered altar of Uskayaw.
  4322 | D:5      | Noticed a +0 short sword
  4322 | D:5      | Noticed a +0 spear
  4322 | D:5      | Noticed a +0 short sword
  4323 | D:5      | Noticed a +0 spear
  4323 | D:5      | Noticed a +0 dagger
  4323 | D:5      | Noticed a +0 falchion
  4325 | D:5      | Noticed a +0 dagger
  4326 | D:5      | Noticed a +0 falchion
  4356 | D:5      | Reached XP level 8. HP: 47/65 MP: 10/10
  4428 | D:5      | Reached skill level 7 in Unarmed Combat
  4599 | D:5      | Found Nefa Xiag's Overcharged Wands.
  4721 | D:5      | Received a gift from Nemelex Xobeh
  4787 | D:5      | Reached *** piety under Nemelex Xobeh
  5293 | D:5      | Identified the blade talisman "Qoafisk" {rF+ rC+ rN+ rCorr}
  5367 | D:6      | Received a gift from Nemelex Xobeh
  5376 | D:6      | Reached skill level 8 in Unarmed Combat
  5452 | D:6      | Reached skill level 5 in Invocations
  5536 | D:6      | Reached XP level 9. HP: 67/74 MP: 11/11
  5786 | D:6      | Found a broken altar of Ashenzari.
  5864 | D:6      | Received a gift from Nemelex Xobeh
  6076 | D:7      | Reached skill level 9 in Unarmed Combat
  6102 | D:7      | Reached **** piety under Nemelex Xobeh
  7021 | D:8      | Noticed a manticore
  7027 | D:8      | Killed a manticore
  7028 | D:8      | Reached skill level 10 in Unarmed Combat
  7139 | D:8      | Found a bloodstained altar of Trog.
  7172 | D:8      | Reached XP level 10. HP: 73/81 MP: 14/14
  7210 | D:8      | Received a gift from Nemelex Xobeh
  7394 | D:8      | Found Nouv's Book Emporium.
  7476 | D:8      | Noticed a wizard
  7479 | D:8      | Killed a wizard
  7879 | D:9      | Found a runed translucent gate.
  7879 | D:9      | Found a runed translucent gate.
  7879 | D:9      | Found a runed translucent gate.
  7879 | D:9      | Noticed a white ugly thing
  7880 | D:9      | Noticed a white ugly thing
  7881 | D:9      | Noticed a green ugly thing
  7881 | D:9      | Noticed a brown ugly thing
  7883 | D:9      | a wind drake changed into an eye of devastation
  7883 | D:9      | Noticed an eye of devastation (glowing shapeshifter)
  7885 | D:9      | Noticed Psyche
  7887 | D:9      | an eye of devastation changed into a sun moth
  7887 | D:9      | Noticed a sun moth (glowing shapeshifter)
  7889 | D:9      | a sun moth changed into a torpor snail
  7889 | D:9      | Noticed a torpor snail (glowing shapeshifter)
  7892 | D:9      | a torpor snail changed into a glowing orange brain
  7892 | D:9      | Noticed a glowing orange brain (glowing shapeshifter)
  7971 | D:9      | Reached ***** piety under Nemelex Xobeh
  7990 | D:9      | Killed Psyche
  8144 | D:9      | Found a staircase to the Lair.
  8161 | D:9      | Reached skill level 11 in Unarmed Combat
  8288 | D:9      | Noticed Jeremiah
  8324 | D:9      | Killed Jeremiah
  8367 | D:9      | Found a basalt altar of Yredelemnul.
  8756 | D:9      | a wyvern changed into a two-headed ogre
  8756 | D:9      | Noticed a two-headed ogre (glowing shapeshifter)
  8764 | D:9      | a two-headed ogre changed into a swamp dragon
  8764 | D:9      | Noticed a swamp dragon (glowing shapeshifter)
  8827 | Lair:1   | Entered Level 1 of the Lair of Beasts
  8827 | Lair:1   | Noticed Gastronok
  8835 | Lair:1   | Killed Gastronok
  8836 | Lair:1   | Reached skill level 12 in Unarmed Combat
  8841 | Lair:1   | Noticed a black mamba
  8848 | Lair:1   | Reached XP level 11. HP: 87/88 MP: 17/17
  9020 | Lair:1   | Received a gift from Nemelex Xobeh
  9143 | Lair:1   | Reached skill level 10 in Invocations
  9153 | Lair:1   | Reached skill level 1 in Shapeshifting
  9669 | Lair:1   | Reached skill level 13 in Unarmed Combat
  9787 | Lair:1   | Received a gift from Nemelex Xobeh
 10285 | Lair:2   | Received a gift from Nemelex Xobeh
 10753 | Lair:2   | Found a staircase to the Shoals.
 10753 | Lair:2   | Noticed a four-headed hydra
 10767 | Lair:2   | Noticed a shadow demon
 10771 | Lair:2   | Killed a four-headed hydra
 10772 | Lair:2   | Reached skill level 5 in Shapeshifting
 10778 | Lair:2   | Mangled by a komodo dragon

Illustrated notes

Levels and vault maps discovered:
D:1:      dpeg_arrival_ternary, layout_basic, minmay_close_crescents
D:2:      layout_basic, basic_altar, ebering_ecumenical_altar_abandoned
D:3:      lemuel_castle_with_subvaults [lemuel_castle_interior_carwin_1],
          layout_basic, mainiacjoe_sewer_entry_somewhere_in_here_2
D:4:      cheibrodos_fertilizer, layout_loops_cross,
          mainiacjoe_overflow_catwalk_spiral, minmay_temple_entry_tees
D:5:      layout_layer_cave, nicolae_uskayaw_en_pointe,
          nicolae_shop_overcharged_wands
D:6:      layout_rooms, ashenzari_altar_1, serial_undead, serial_undead_a,
          serial_undead_e, serial_undead_f, serial_undead_f, grunt_tough_drop
D:7:      layout_basic
D:8:      wander_river, layout_basic, trog_wizard, serial_shops,
          nicolae_shop_peninsula, nicolae_underground_beach
D:9:      layout_rooms, david_lair_shrubbed,
          ploomutoo_gammafunk_ghost_potion_laboratory, kennysheep_small_circle,
          uniq_jeremiah, uniq_psyche
Temple:   nicolae_temple_figure_eight
Lair:1:   layout_hall_layers, grunt_megastairs_2, uniq_gastronok
Lair:2:   layout_layer_cave, elwin_shoals_entry_rocks,
          pdpol_lair_neglected_garden

Skill      XL: |  1  2  3  4  5  6  7  8  9 10 11 |
---------------+----------------------------------+-----
Unarmed Combat | 1 3 4 5 6 8 10 12 13 | 13.6
Dodging        | 2 3 4 5 |  5.0
Invocations    | 2 5 7 9 10 | 10.0
Shapeshifting  | 5 |  5.1
Stealth        | |  1.0
Spellcasting   | |  2.0
Conjurations   | |  0.6
Summonings     | |  0.6
Translocations | |  0.6

Action                     |  1- 3 |  4- 6 |  7- 9 | 10-12 || total
---------------------------+-------+-------+-------+-------++-------
  Melee: Unarmed           |    89 |   209 |   386 |   332 ||  1016
         Punch             |     1 |     2 |    14 |    17 ||    34
         Giant club        |       |       |       |    10 ||    10
  Throw: Boomerang         |       |       |     1 |     1 ||     2
         Dart              |       |       |       |     5 ||     5
   Cast: Magic Dart        |     5 |       |     6 |       ||    11
 Invoke: Draw Destruction  |       |     4 |     1 |     7 ||    12
         Draw Summoning    |       |       |       |     3 ||     3
         Draw Escape       |       |       |       |     1 ||     1
    Use: Potion            |       |     1 |       |     2 ||     3
         Scroll            |       |       |       |    16 ||    16
   Stab: Sleeping          |     2 |     4 |     5 |       ||    11
         Distracted        |       |       |     2 |       ||     2
 Armour: Robe              |    42 |   145 |   274 |    75 ||   536
         Fire dragon scale |       |       |       |   170 ||   170
  Dodge: Dodged            |    40 |   128 |   205 |   163 ||   536

Action                     |  1- 3 |  4- 6 |  7- 9 | 10-12 || total
---------------------------+-------+-------+-------+-------++-------
  Melee: Unarmed           |    89 |   209 |   386 |   332 ||  1016
         Punch             |     1 |     2 |    14 |    17 ||    34
         Giant club        |       |       |       |    10 ||    10
  Throw: Boomerang         |       |       |     1 |     1 ||     2
         Dart              |       |       |       |     5 ||     5
   Cast: Magic Dart        |     5 |       |     6 |       ||    11
 Invoke: Draw Destruction  |       |     4 |     1 |     7 ||    12
         Draw Summoning    |       |       |       |     3 ||     3
         Draw Escape       |       |       |       |     1 ||     1
    Use: Potion            |       |     1 |       |     2 ||     3
         Scroll            |       |       |       |    16 ||    16
   Stab: Sleeping          |     2 |     4 |     5 |       ||    11
         Distracted        |       |       |     2 |       ||     2
 Armour: Robe              |    42 |   145 |   274 |    75 ||   536
         Fire dragon scale |       |       |       |   170 ||   170
  Dodge: Dodged            |    40 |   128 |   205 |   163 ||   536

Levels and vault maps discovered:
D:1:      dpeg_arrival_ternary, layout_basic, minmay_close_crescents
D:2:      layout_basic, basic_altar, ebering_ecumenical_altar_abandoned
D:3:      lemuel_castle_with_subvaults [lemuel_castle_interior_carwin_1],
          layout_basic, mainiacjoe_sewer_entry_somewhere_in_here_2
D:4:      cheibrodos_fertilizer, layout_loops_cross,
          mainiacjoe_overflow_catwalk_spiral, minmay_temple_entry_tees
D:5:      layout_layer_cave, nicolae_uskayaw_en_pointe,
          nicolae_shop_overcharged_wands
D:6:      layout_rooms, ashenzari_altar_1, serial_undead, serial_undead_a,
          serial_undead_e, serial_undead_f, serial_undead_f, grunt_tough_drop
D:7:      layout_basic
D:8:      wander_river, layout_basic, trog_wizard, serial_shops,
          nicolae_shop_peninsula, nicolae_underground_beach
D:9:      layout_rooms, david_lair_shrubbed,
          ploomutoo_gammafunk_ghost_potion_laboratory, kennysheep_small_circle,
          uniq_jeremiah, uniq_psyche
Temple:   nicolae_temple_figure_eight
Lair:1:   layout_hall_layers, grunt_megastairs_2, uniq_gastronok
Lair:2:   layout_layer_cave, elwin_shoals_entry_rocks,
          pdpol_lair_neglected_garden
